[Event "*** Titled Tuesday Blitz"]
[Site "Chess.com"]
[Date "2019.12.03"]
[Round "6"]
[White "IgorBjelobrk"]
[Black "Chessmatus"]
[Result "1-0"]
[WhiteElo "2673"]
[BlackElo "2383"]
[TimeControl "180+2"]
[EndTime "14:23:29 PST"]
[Termination "IgorBjelobrk won by resignation"]

1. d4 Nf6 2. c4 g6 3. Nc3 d5 4. Nf3 Bg7 5. h4 dxc4 6. e4 c5 7. d5 b5 8. h5 O-O 9. hxg6 fxg6 10. e5 Ng4 11. d6 e6 12. Rxh7 Rf5 13. Rh3 Nc6 14.
Nxb5 Ncxe5 15. Nxe5 Nxe5 16. f4 Nc6 17. Bxc4 Nd4 18. Nxd4 cxd4 19. Qg4 Qxd6 20. Bd2 Rf6 21. Rc1 Ba6 22. Bxa6 Qxa6 23. Ra3 Qd6 24. Qf3 Rff8 25. Rc6 Qd7 26. Raa6 Rac8 27. Rxe6 Rfe8 28. Qe4 Rxe6 29. Rxe6 Qb5 30. b3 d3 31. Re7 Qc5 32. Qc4+ Qxc4 33. bxc4 Rxc4 34. Rxa7 Re4+ 35. Kd1 Re2 36. Rd7 Rxg2 37.
Rxd3 Rg1+ 38. Kc2 Rg4 39. a4 Bf6 40. a5 g5 41. a6 Rg1 42. fxg5 Be7 43. Rd7 Kf8 44.
a7 Ra1 45. g6 Bf6 46. Bc3 Bxc3 47. Kxc3 Ke8 48. Rb7 Rc1+ 49. Kd2 Ra1 50. Rb8+ Ke7 51.
a8=Q 1-0

[Event "*** Titled Tuesday Blitz"]
[Site "Chess.com"]
[Date "2019.12.03"]
[Round "6"]
[White "Lovkov_Roman"]
[Black "skoularikii"]
[Result "1-0"]
[WhiteElo "2761"]
[BlackElo "2548"]
[TimeControl "180+2"]
[EndTime "14:23:30 PST"]
[Termination "Lovkov_Roman won by checkmate"]

1. e4 c5 2. a3 g6 3. b4 Bg7 4.
Nc3 b6 5. bxc5 bxc5 6. h4 h5 7. Nf3 Nh6 8. Bc4 Nc6 9. Rb1 Ng4 10. Nd5 e6 11. Ne3 O-O 12. Ng5 Nxe3 13. dxe3 Ne5 14.
Be2 d5 15. f4 Nc6 16. Bxh5 Bc3+ 17. Kf2 f6 18. Bxg6 Kg7 19. Qd3 d4 20. Qc4 fxg5 21.
Qxc5 Bd7 22. hxg5 Kxg6 23. Rh6+ Kg7 24. Rb7 Rf7 25. Kg3 Qe7 26. Qc4 e5 27. Rxd7 Qxd7 28. f5 Qb7 29. Rxc6 Raf8 30. g6 Rf6 31. Rc7+ R8f7 32. Rxb7 Rxb7 33. exd4 Bxd4 34. Bg5 Rfb6 35. Qd5 Bc3 36. Be3 Be1+ 37. Kf3 Rb5 38. Qe6 Bc3 39. Bg5 R5b6 40. Bf6+ Kh6 41. Qd5 Rc7 42. Qd8 Rxf6 43.
Qxf6 Rg7 44. Qh4# 1-0

[Event "*** Titled Tuesday Blitz"]
[Site "Chess.com"]
[Date "2019.12.03"]
[Round "6"]
[White "FelixJoseYnojosa"]
[Black "piscatorox"]
[Result "0-1"]
[WhiteElo "2604"]
[BlackElo "2279"]
[TimeControl "180+2"]
[EndTime "14:23:30 PST"]
[Termination "piscatorox won on time"]

1. e4 d5 2. exd5 Nf6 3. Nf3 Bg4 4. Be2 Qxd5 5. h3 Bxf3 6. Bxf3 Qe5+ 7. Qe2 Qxe2+ 8. Kxe2 Nc6 9. Bxc6+ bxc6 10. d4 Rb8 11. b3 e6 12. c4 c5 13. Be3 Ne4 14. Rd1 Be7 15. f3 Ng3+ 16. Kf2 Nf5 17. Nc3 Nxe3 18. Kxe3 Bf6 19. Ne2 cxd4+ 20. Kd3 c5 21. Ng3 Be7 22.
Ne4 f5 23. Nd2 Kf7 24. f4 g5 25. Nf3 gxf4 26. Ne5+ Kf6 27. Nd7+ Kg5 28. Nxb8 Rxb8 29. Re1 Kf6 30. Kc2 e5 31. Rad1 e4 32. a3 a5 33. Rb1 Rg8 34. Rg1 Rg3 35. b4 axb4 36.
axb4 cxb4 37. Rb3 Rc3+ 38. Rxc3 bxc3 39. Ra1 Bb4 40. Kb3 Bf8 41. Ra6+ Kg5 42. Re6 Bg7 43. c5 d3 44. Re7 Bf6 45. c6 c2 0-1

[Event "*** Titled Tuesday Blitz"]
[Site "Chess.com"]
[Date "2019.12.03"]
[Round "6"]
[White "ShahMatKanal"]
[Black "Kosche007"]
[Result "1-0"]
[WhiteElo "2489"]
[BlackElo "2320"]
[TimeControl "180+2"]
[EndTime "14:23:40 PST"]
[Termination "ShahMatKanal won by resignation"]

1. d4 Nf6 2. c4 g6 3. Nc3 Bg7 4. e4 d6 5. Be2 O-O 6. Nf3 e5 7. d5 a5 8. O-O Na6 9. Qc2 Bd7 10.
Ne1 Ne8 11. Be3 f5 12. exf5 Bxf5 13. Qd2 Nf6 14. Bd3 Qd7 15. f3 b6 16. g3 Nc5 17. Bc2 Bh3 18. Ng2 a4 19. Rae1 Kh8 20.
Rf2 a3 21. b4 Nb7 22. Ne4 Nxe4 23. Bxe4 Bf5 24. Qd3 Rf7 25. Nh4 Qa4 26. Bxf5 gxf5 27. Nxf5 Qxb4 28. Rb1 Qa4 29. Nxg7 Kxg7 30. f4 Raf8 31.
fxe5 Rxf2 32. Bxf2 dxe5 33. Qe4 Qe8 34. Qg4+ Kh8 35.
Be3 Nd6 36. c5 bxc5 37. Bxc5 Qf7 38. Rd1 Qf6 39. Qe2 Re8 40. Bxa3 Kg8 41. Rf1 Qg6 42.
Bb2 Nf5 43. Qd3 Qb6+ 44. Rf2 Rf8 45. Bxe5 Ne3 46. Rxf8+ Kxf8 47. Bd4 Qb1+ 48. Qxb1 1-0

[Event "*** Titled Tuesday Blitz"]
[Site "Chess.com"]
[Date "2019.12.03"]
[Round "6"]
[White "MathiasWomacka"]
[Black "kleopl"]
[Result "1-0"]
[WhiteElo "2341"]
[BlackElo "2471"]
[TimeControl "180+2"]
[EndTime "14:23:41 PST"]
[Termination "MathiasWomacka won by checkmate"]

1. e4 c6 2. d4 d5 3. Nd2 h6 4. Bd3 dxe4 5. Nxe4 Qxd4 6. Nf3 Qb6 7. Qe2 e6 8. O-O Nd7 9. Bf4 Ngf6 10. Nd6+ Bxd6 11. Bxd6 c5 12. Bf4 O-O 13. Rad1 Qxb2 14. Ne5 Qxa2 15. Qf3 Qa4 16. c4 Nxe5 17. Bxe5 Qc6 18. Qg3 Ne8 19.
Rfe1 f5 20. Re3 b6 21. Qg6 Nf6 22. Rg3 Rf7 23. Bxf6 e5 24. Bxe5 Qxg6 25. Rxg6 Bb7 26. Be2 Re8 27. f4 Rfe7 28. Kf2 Kh7 29. Rgd6 Be4 30. Bf3 Bxf3 31. Kxf3 Rf7 32. h4 Ree7 33. h5 Re8 34. Rd8 Rxd8 35. Rxd8 Rb7 36. Rb8 Rd7 37. Ke3 Re7 38. Kd3 Rd7+ 39. Kc3 Rf7 40. Kb3 Rd7 41. Ka4 Rd2 42. Rb7 Rxg2 43. Kb5 Kg8 44. Rxa7 g5 45. Kxb6 g4 46. Kxc5 Re2 47. Kd5 Kf8 48. Ke6 g3 49.
Ra8# 1-0

[Event "*** Titled Tuesday Blitz"]
[Site "Chess.com"]
[Date "2019.12.03"]
[Round "6"]
[White "MasterLeif"]
[Black "Saitama_Hero"]
[Result "1-0"]
[WhiteElo "2454"]
[BlackElo "2319"]
[TimeControl "180+2"]
[EndTime "14:23:41 PST"]
[Termination "MasterLeif won on time"]

1. d4 Nf6 2. Bf4 c5 3. e3 cxd4 4. exd4 Qb6 5. Nc3 e6 6. Nf3 Qxb2 7. Nb5 Nd5 8. Rb1 Qxa2 9. Bd6 Qa5+ 10. Nd2 a6 11. Ra1 Qd8 12. Bxf8 Kxf8 13. c4 Nf6 14. Nd6 Nc6 15. Nf3 Ne8 16. c5 Nxd6 17. cxd6 Qb6 18. Be2 Qb4+ 19. Qd2 Qxd6 20. O-O b5 21. Bxb5 Bb7 22. Be2 f6 23. Rfd1 Nb4 24. h4 Kf7 25. h5 Rhc8 26. Rac1 a5 27. h6 g6 28. Qe3 Nd5 29.
Qb3 Bc6 30. Ra1 a4 31. Qc2 Nf4 32. Qd2 Nxe2+ 33. Qxe2 Qd5 34. Ra3 Rcb8 35. Qe3 Rb3 36. Rd3 Rxa3 37. Rxa3 Rb8 38. Qf4 Rb1+ 39. Kh2 Rb3 40.
Ra1 Qh5+ 41. Kg1 Qd5 42. Ne5+ Kg8 43. Nxc6 Qxc6 44. d5 Qxd5 45. Qxf6 1-0

[Event "*** Titled Tuesday Blitz"]
[Site "Chess.com"]
[Date "2019.12.03"]
[Round "6"]
[White "cool4chess"]
[Black "Oleksandr_Bortnyk"]
[Result "0-1"]
[WhiteElo "2621"]
[BlackElo "2943"]
[TimeControl "180+2"]
[EndTime "14:23:43 PST"]
[Termination "Oleksandr_Bortnyk won by resignation"]

1. e4 Nf6 2. e5 Nd5 3. d4 d6 4. c4 Nb6 5. exd6 exd6 6. Nc3 Be7 7. Bd3 Nc6 8. Nge2 Bg4 9. f3 Bh4+ 10. Ng3 Bd7 11.
O-O Bxg3 12. hxg3 Nxd4 13. Bxh7 Ne6 14. Be4 Nxc4 15. Bxb7 Rb8 16. Bd5 Nb6 17. Bb3 Qf6 18. Re1 Qg6 19. Be3 Qxg3 20. Ne4 Qh4 21. Ng5 Nc4 22.
Nxe6 Bxe6 23. Bxa7 Rb7 24. Qd4 Qh2+ 25. Kf2 Ne5 26. Rh1 Qxh1 27. Rxh1 Rxh1 28. Qa4+ Bd7 29. Qa6 Rb4 30. Be3 Rb1 31. Qa8+ Ke7 32. Bg5+ f6 33. Bd2 Rxb2 34. Ke3 R4xb3+ 35. axb3 Rxb3+ 36. Kf2 Rb2 37. Ke1 Bb5 38. Qe4 Bd3 39. Qd4 Rb1+ 40. Kf2 Bb5 41. Kg3 Rd1 42. Qc3 Kd7 43. Be3 Rd3 44. Qb2 Bc6 45. Bf2 g5 46. Qa2 Bd5 47. Qa4+ Bc6 48.
Qg4+ Nxg4 0-1

[Event "*** Titled Tuesday Blitz"]
[Site "Chess.com"]
[Date "2019.12.03"]
[Round "6"]
[White "pouya21"]
[Black "jefferyx"]
[Result "0-1"]
[WhiteElo "2728"]
[BlackElo "2908"]
[TimeControl "180+2"]
[EndTime "14:23:48 PST"]
[Termination "jefferyx won by resignation"]

1. e4 c6 2. d4 d5 3. exd5 cxd5 4.
Bd3 Nc6 5. c3 Qc7 6. h3 Nf6 7. Nf3 g6 8. Qc2 Bg7 9. O-O O-O 10. Re1 e6 11. Be3 a6 12. Nbd2 b5 13. a4 b4 14. Nb3 bxc3 15. Qxc3 Bb7 16. Ne5 Rfc8 17. Nxc6 Bxc6 18. Nc5 a5 19. Rec1 Nd7 20. Ba6 Re8 21. Nxd7 Rxa6 22. Nc5 Ra7 23. Nd3 Rc8 24. b4 axb4 25. Nxb4 Bd7 26. Qxc7 Rcxc7 27. Rxc7 Rxc7 28. a5 Bf8 29. Nd3 Bb5 30. Bf4 Rc6 31. Ne5 Ra6 32.
Bd2 f6 33. Ng4 Kf7 34. Rb1 Bc6 35. Rb8 h5 36. Ne3 Bd6 37. Rh8 Kg7 38. Rd8 Bc7 39. Rc8 Ra7 40. Bb4 Bd7 41. Bc5 Bxc8 42. Bxa7 Bxa5 43.
Bc5 Ba6 44. Bd6 Bd3 45. f4 Bb6 46. Bc5 Bxc5 47. dxc5 Kf7 48. g4 hxg4 49. hxg4 g5 50. fxg5 fxg5 51. Kf2 Ke7 52. Nd1 Kd7 53. Ke3 Bc2 54. Nc3 Kc6 55. Kd4 Bb3 56. Ne2 Bd1 57.
Nc1 Bxg4 58. Nd3 Bf5 59. Ne5+ Kc7 60. Ke3 g4 61. Kf4 d4 62. Kg3 d3 63. Kf2 g3+ 64. Ke3 g2 65. Nf3 Kc6 66. Kf2 Kxc5 0-1

[Event "*** Titled Tuesday Blitz"]
[Site "Chess.com"]
[Date "2019.12.03"]
[Round "6"]
[White "Olga_Zhuravleva"]
[Black "GelmanAlexander"]
[Result "1/2-1/2"]
[WhiteElo "2255"]
[BlackElo "2498"]
[TimeControl "180+2"]
[EndTime "14:23:56 PST"]
[Termination "Game drawn by repetition"]

1. e4 c5 2. Nf3 e6 3. d4 cxd4 4.
Nxd4 d6 5. Nc3 a6 6. Bd3 Nf6 7. O-O Bd7 8. Kh1 Nc6 9. Nb3 b5 10. a3 Rc8 11. f4 h5 12. Qf3 h4 13. Bd2 h3 14. g4 g6 15. Rae1 Be7 16. Be3 Qc7 17. g5 Nh5 18. Qf2 Qb7 19. Kg1 b4 20. axb4 Nxb4 21. Nd4 O-O 22. f5 exf5 23. exf5 Nxd3 24. cxd3 Rc5 25. Ne4 Rxf5 26. Nxf5 Bxf5 27. Qf3 Qxb2 28. Bc1 Qd4+ 29. Qe3 Qd5 30. Bb2 Rb8 31. Rb1 Rxb2 32. Rxb2 Qe5 33. Rb8+ Kg7 34. Qf2 d5 35. Ng3 Qxb8 36. Qd4+ Kg8 37. Nxh5 gxh5 38.
Rxf5 Qf8 39. Qxd5 Bc5+ 40. Qxc5 Qe8 41. Qe5 Qa4 42. Qf6 Qg4+ 43. Kf2 Qg2+ 44. Ke3 Qg1+ 45. Kd2 Qxh2+ 46. Kc3 Qc7+ 47. Kd2 h2 48. g6 h1=Q 49. gxf7+ Kh7 50. Qh8+ Kxh8 51. f8=Q+ Kh7 52.
Rf7+ Qxf7 53. Qxf7+ Kh6 54. Qf6+ Kh7 55. Qf7+ Kh6 56.
Qf6+ Kh7 57. Qf7+ 1/2-1/2

[Event "*** Titled Tuesday Blitz"]
[Site "Chess.com"]
[Date "2019.12.03"]
[Round "6"]
[White "Jenia84"]
[Black "Egorov_Pavel"]
[Result "0-1"]
[WhiteElo "2202"]
[BlackElo "2375"]
[TimeControl "180+2"]
[EndTime "14:23:56 PST"]
[Termination "Egorov_Pavel won by resignation"]

1. e4 Nf6 2. e5 Nd5 3. d4 d6 4.
Nf3 Nc6 5. c4 Nb6 6. exd6 cxd6 7. Nc3 g6 8. Be3 Bg7 9. Be2 Bg4 10. c5 Bxf3 11. Bxf3 Nc4 12. Qa4 Nxe3 13. fxe3 O-O 14. O-O dxc5 15. dxc5 Qd2 16. Bxc6 bxc6 17. Qxc6 Qxe3+ 18. Kh1 Rac8 19. Qd7 Bxc3 20. bxc3 Qxc5 21. Rab1 Rc7 22.
Qa4 Qxc3 23. h4 Qc4 24. Qxc4 Rxc4 25. g3 Ra4 26. Rf2 Rd8 27. Rb7 Rd1+ 28. Kh2 Re1 29. Rc2 h5 30. Kh3 Ra3 31. Kh2 Ree3 32. Rg2 a5 33. Ra7 Kf8 34. Ra8+ Kg7 35. Ra7 e5 36. Rf2 Rf3 37. Rxf3 Rxf3 38. Rxa5 e4 39. Kg2 Rc3 40. a4 Rc2+ 41. Kf1 Kf6 42. Rb5 Ra2 43. a5 Ke6 44. Kg1 f5 45. Kf1 e3 46. Ke1 Kd6 47. Kf1 Kc6 48.
Rb6+ Kd5 49. Rxg6 Ke4 50. Rf6 Rxa5 51. Ke2 Ra2+ 52. Ke1 Rg2 53. Rg6 Kf3 0-1

[Event "*** Titled Tuesday Blitz"]
[Site "Chess.com"]
[Date "2019.12.03"]
[Round "6"]
[White "Philosopherrr"]
[Black "LonesomeGeorge1"]
[Result "1-0"]
[WhiteElo "2446"]
[BlackElo "2318"]
[TimeControl "180+2"]
[EndTime "14:23:57 PST"]
[Termination "Philosopherrr won by resignation"]

1. e4 c5 2. Nf3 e6 3. d4 cxd4 4. Nxd4 Nc6 5. Nc3 Qc7 6. g3 a6 7. Bg2 Nf6 8. O-O Nxd4 9. Qxd4 Bc5 10. Bf4 d6 11. Qd2 h6 12. Rad1 e5 13. Be3 Be6 14. Bxc5 dxc5 15. Nd5 Bxd5 16. exd5 Qd6 17. f4 O-O 18.
fxe5 Qxe5 19. d6 Qxb2 20. Rb1 Qxa2 21. Rxb7 Rad8 22. d7 Qe6 23. Rd1 a5 24. Qxa5 Rxd7 25. Rbxd7 Nxd7 26. Kh1 Qf5 27. c4 Nf6 28. h3 Re8 29.
Rf1 Qe5 30. Qa3 Qd4 31. Qb3 Re3 32. Qb8+ Kh7 33. Qb1+ g6 34. Qb7 Kg7 35. Bd5 h5 36. Qxf7+ Kh6 37. Qf8+ Kh7 38. Qxf6 Qxf6 39. Rxf6 Rxg3 40.
Rf3 Rxf3 41. Bxf3 Kg7 42. Kg2 Kf6 43. Kg3 Kg5 44. Be4 Kf6 45. Kf4 g5+ 46. Kf3 Ke5 47. Bg6 Kd4 48. Bf7 Kd3 49. Bxh5 Kxc4 50. Kg4 Kd5 51. Kxg5 Ke6 52. Kg6 Ke7 53. Kg7 Ke6 54. Bg6 1-0

[Event "*** Titled Tuesday Blitz"]
[Site "Chess.com"]
[Date "2019.12.03"]
[Round "6"]
[White "BigAl"]
[Black "Orest_Vovk"]
[Result "1-0"]
[WhiteElo "2458"]
[BlackElo "2320"]
[TimeControl "180+2"]
[EndTime "14:23:59 PST"]
[Termination "BigAl won by resignation"]

1. e4 c5 2. Nc3 Nc6 3. g3 d6 4. Bg2 Nf6 5. d3 Bg4 6. f3 Bd7 7. Nge2 g6 8. Be3 Bg7 9. Qd2 O-O 10. O-O Qc8 11. Bh6 Bh3 12. Bxg7 Kxg7 13. f4 Bxg2 14. Kxg2 Nd4 15. f5 Nxe2 16. Nxe2 d5 17. e5 Ng4 18. e6 fxe6 19. fxg6 hxg6 20. Qg5 Nf6 21. Nf4 Nh7 22. Qxe7+ Kh8 23. Nxg6+ Kg8 24. Nxf8 Nxf8 25. Qf7+ Kh8 26. Rf6 Nh7 27. Rh6 Qg8 28. Qf6+ Qg7 29. Qxg7+ Kxg7 30. Rxe6 Kf7 31. Rae1 b6 32.
Re7+ Kg6 33. h4 Nf6 34. R7e6 Kf7 35. Rc6 Ng4 36. Rf1+ Ke7 37. Rf4 Ne3+ 38. Kf3 Nxc2 39. Rh6 Nd4+ 40. Kg2 Ne2 41. Rg4 Kf7 42. h5 Nc1 43. Rgg6 Rf8 44. Rh7+ Ke8 45. Re6+ Kd8 46.
Rd6+ Kc8 47. Rxd5 Nxa2 48. Rxa7 Nb4 49. Rxc5+ Kb8 50. Rcc7 Rf6 51. Rf7 Re6 52. Rae7 1-0

[Event "*** Titled Tuesday Blitz"]
[Site "Chess.com"]
[Date "2019.12.03"]
[Round "6"]
[White "allvim"]
[Black "PawnEatingZombie"]
[Result "0-1"]
[WhiteElo "2180"]
[BlackElo "2128"]
[TimeControl "180+2"]
[EndTime "14:24:02 PST"]
[Termination "PawnEatingZombie won by resignation"]

1. e4 c6 2. d4 d5 3. e5 Bf5 4.
g4 Bg6 5. h4 h5 6. g5 e6 7. Bd3 Ne7 8. Bxg6 Nxg6 9. Ne2 c5 10.
Nf4 Nxf4 11. Bxf4 g6 12. c3 Qb6 13. Qb3 Nc6 14. Qxb6 axb6 15. Be3 c4 16. Nd2 b5 17. Ke2 b4 18. Rhc1 bxc3 19. bxc3 Ba3 20. Rcb1 Ra7 21. Nf3 Kd7 22. Bc1 Bxc1 23. Rxc1 Ra3 24. Rcb1 Kc7 25. Kd2 Rha8 26. Rb2 Ne7 27. Rc2 Nf5 28. Rb2 b5 29. Rxb5 Rxa2+ 30. Rxa2 Rxa2+ 31. Ke1 Rc2 32. Ra5 Rxc3 33.
Ke2 Rb3 34. Ra7+ Rb7 35. Ra8 Kc6 36. Kd2 Kb5 37. Kc3 Kb6 38. Ra3 Ra7 39. Rxa7 Kxa7 40. Kb4 Kb6 41. Kc3 Kb5 42. Ne1 Nxh4 43. Nc2 Nf3 44. Na3+ Kc6 45. Nc2 Nxg5 46. Nb4+ Kd7 47. Kd2 Ne4+ 48. Ke3 g5 49. Na6 Nc3 50. Nc5+ Ke7 51.
Nb7 Nb5 52. Nc5 h4 53. Na4 Nxd4 54. Kxd4 h3 55. Nc3 h2 0-1

[Event "*** Titled Tuesday Blitz"]
[Site "Chess.com"]
[Date "2019.12.03"]
[Round "6"]
[White "RitvarsReimanis"]
[Black "WeAintSurePal"]
[Result "0-1"]
[WhiteElo "2547"]
[BlackElo "2384"]
[TimeControl "180+2"]
[EndTime "14:24:03 PST"]
[Termination "WeAintSurePal won by checkmate"]

1. d4 d5 2. c4 e6 3. Nf3 c6 4. cxd5 exd5 5. Qc2 Bd6 6. Nc3 Ne7 7. Bg5 h6 8. Bh4 a5 9. e3 Na6 10. a3 Nc7 11.
Bd3 Ne6 12. Bg3 Ng5 13. Nd2 Bxg3 14. hxg3 g6 15. Qb3 Nf5 16. Bxf5 gxf5 17. Ne2 Ne4 18. Nf4 a4 19. Qb4 Ra6 20. Nd3 h5 21. Nf3 Be6 22.
O-O Ra7 23. Rac1 Nf6 24. Nh4 Ng4 25. Rfe1 Rg8 26. Nf4 Qc7 27. Qc5 Ra5 28. Qb4 Ra6 29. Nxh5 Rb6 30. Qa5 Qd8 31. Re2 Rh8 32. Nf4 Nf6 33.
Qxa4 Ne4 34. Nd3 Ra6 35. Qb4 Ra8 36. Nc5 b5 37. Nxe4 fxe4 38. Rxc6 Rg8 39. Rc5 Bh3 40. Qxb5+ Bd7 41. Qb3 Be6 42. Qb5+ Kf8 43. Qb4 Kg7 44. Rb5 Kh8 45. Kh2 Rc8 46. Rc5 Rb8 47. Qc3 Qf6 48. b4 Rg4 49. Rc6 Rbg8 50. Kg1 Qxh4 51. Rxe6 Qh5 52. Re5 R4g5 53. Rxg5 Rxg5 54. Qc5 Qxe2 55. g4 Qxg4 56. b5 Qxg2# 0-1

[Event "*** Titled Tuesday Blitz"]
[Site "Chess.com"]
[Date "2019.12.03"]
[Round "6"]
[White "Denis_Palkovich"]
[Black "semchik73"]
[Result "1-0"]
[WhiteElo "2268"]
[BlackElo "2384"]
[TimeControl "180+2"]
[EndTime "14:24:07 PST"]
[Termination "Denis_Palkovich won by checkmate"]

1. d4 d5 2. Bf4 c6 3. e3 Nf6 4. Nf3 Bf5 5. c4 e6 6. Qb3 b6 7.
Nc3 Bd6 8. Ne5 O-O 9. Be2 Qc7 10. O-O Nbd7 11. cxd5 exd5 12. Rac1 a6 13. Nxd7 Nxd7 14. Nxd5 Qb8 15. Ne7+ Kh8 16. Nxf5 Bxf4 17. exf4 Qxf4 18. Qf3 Qg5 19. h4 Qf6 20. Rxc6 Qd8 21. Qg3 g6 22. Nh6 Nf6 23. Qe5 Kg7 24. Ng4 Re8 25. Qxf6+ Qxf6 26. Nxf6 Rxe2 27. Rxb6 Rd8 28. d5 a5 29. Rd1 h5 30. f3 Re5 31. Kf2 Rf5 32. Ne4 Rfxd5 33. Rxd5 Rxd5 34. Ke3 f5 35. Rb7+ Kf8 36.
Ng5 Re5+ 37. Kd3 Rd5+ 38. Kc3 Re5 39. Rd7 Ke8 40. Rd2 Rc5+ 41. Kd4 Rb5 42. b3 Ke7 43. Re2+ Kd7 44. Re6 Rb4+ 45. Kc3 Rb8 46. Rxg6 Rc8+ 47. Kd3 Rc1 48. Nf7 Ra1 49. a4 Rb1 50. Kc4 Rc1+ 51. Kb5 Rc3 52. Kxa5 Rxb3 53. Ne5+ Ke7 54. Ka6 Re3 55. Nc4 Rc3 56. Kb5 Kf7 57. Rg5 Rc2 58. a5 Kf6 59. a6 Ra2 60. Nd6 Rd2 61. Nxf5 Rd5+ 62. Kb6 Rd2 63. Ne3 Ra2 64. Ra5 Rb2+ 65. Rb5 Ra2 66. a7 Ke6 67. Kb7 Kd7 68. Rd5+ Ke6 69.
a8=Q Rxa8 70. Kxa8 Kf6 71. Kb7 Ke6 72. Kc6 Kf6 73.
Rxh5 Kg6 74. g4 Kf6 75. f4 Kg6 76. f5+ Kg7 77. Nc4 Kf7 78. g5 Kg7 79. Rh6 Kg8 80.
h5 Kg7 81. Kd7 Kf7 82. Ne5+ Kg8 83. f6 Kf8 84. Rh8# 1-0

[Event "*** Titled Tuesday Blitz"]
[Site "Chess.com"]
[Date "2019.12.03"]
[Round "6"]
[White "Misi_95"]
[Black "laboratorio25"]
[Result "1-0"]
[WhiteElo "2677"]
[BlackElo "2439"]
[TimeControl "180+2"]
[EndTime "14:24:13 PST"]
[Termination "Misi_95 won by resignation"]

1. c4 Nf6 2. Nc3 e5 3. Nf3 Nc6 4. d3 Bc5 5. e3 d6 6. a3 a6 7. Be2 O-O 8. O-O Ba7 9. b4 Re8 10. Bb2 Bf5 11. Rc1 Ne7 12. a4 Ng6 13. b5 a5 14. Nd5 Bc5 15. d4 exd4 16. Nxf6+ Qxf6 17. Nxd4 Bxd4 18. Bxd4 Qe7 19. c5 d5 20. c6 b6 21. Bf3 Rad8 22. Qd2 Ne5 23. Be2 Be4 24. f3 Bf5 25. Rfd1 h6 26. Qb2 f6 27. Qc3 Nf7 28. Rd2 Be6 29. Bd3 Nd6 30. Bg6 Bf7 31.
Bb1 Be6 32. g4 Nc4 33. Re2 Qf7 34. Kf2 Re7 35. Rg1 Kf8 36. h4 Rde8 37. g5 fxg5 38. hxg5 Nd6 39. gxh6 gxh6 40. Bg7+ Qxg7 41. Rxg7 Rxg7 42. Qf6+ Rf7 43. Qxh6+ Ke7 44. Qh4+ Rf6 45. Ke1 Rf8 46. e4 dxe4 47. fxe4 Ke8 48. Bd3 Nc4 49. Bxc4 Bxc4 50. Rg2 R6f7 51. Kd2 Bb3 52. Kc3 Be6 53.
Rd2 Re7 54. Qh5+ Rff7 55. Rg2 Kd8 56. Rg8+ Re8 57. Qh4+ Re7 58. Rg7 Bc8 59. Qf6 Bh3 60. Qd4+ Kc8 61. Rxe7 Rxe7 62. Qh8+ 1-0

[Event "*** Titled Tuesday Blitz"]
[Site "Chess.com"]
[Date "2019.12.03"]
[Round "6"]
[White "M1711"]
[Black "Nancy11111"]
[Result "1-0"]
[WhiteElo "2527"]
[BlackElo "2354"]
[TimeControl "180+2"]
[EndTime "14:24:15 PST"]
[Termination "M1711 won by resignation"]

1. e4 c5 2. Nf3 d6 3. d4 cxd4 4.
Nxd4 Nf6 5. Nc3 a6 6. Bg5 e6 7. f3 Be7 8. Qd2 h5 9. O-O-O Nbd7 10.
Kb1 Qc7 11. Rg1 b5 12. a3 Bb7 13. g3 Nc5 14. Bxb5+ axb5 15. Ndxb5 Qb6 16. Nxd6+ Bxd6 17. Qxd6 Qxd6 18. Rxd6 O-O 19. Rgd1 Rfc8 20. Be3 Na6 21. Na4 Rc6 22. Rxc6 Bxc6 23. Nb6 Rb8 24. b4 Nc7 25. c4 Nfe8 26. Kb2 f5 27. exf5 exf5 28. f4 Nf6 29. b5 Nxb5 30. cxb5 Bxb5 31. Kc3 Ng4 32. Bc5 Nxh2 33. Kb4 Ba6 34. a4 Nf1 35. Ka5 Be2 36. Rd7 Nxg3 37. Bd4 h4 38. Rxg7+ Kf8 39. Nd7+ Ke8 40. Nxb8 Bg4 41. Bf6 h3 42. Re7+ Kf8 43. Nd7+ Kg8 44. Rg7+ Kh8 45. Rxg4+ Kh7 46. Nf8+ Kh6 47.
Rg6+ Kh5 48. Rxg3 h2 49. Rh3+ Kg4 50. Rxh2 Kxf4 51. Kb6 Kg3 52. Ra2 f4 53. a5 f3 54.
a6 f2 55. Rxf2 Kxf2 56. a7 1-0

[Event "*** Titled Tuesday Blitz"]
[Site "Chess.com"]
[Date "2019.12.03"]
[Round "6"]
[White "marcodobrikov"]
[Black "Winehouse83"]
[Result "0-1"]
[WhiteElo "2348"]
[BlackElo "2531"]
[TimeControl "180+2"]
[EndTime "14:24:15 PST"]
[Termination "Winehouse83 won by resignation"]

1. e4 e5 2. Nf3 Nc6 3. Bc4 Bc5 4.
b4 Bxb4 5. c3 Be7 6. d4 Na5 7.
Nxe5 Nxc4 8. Nxc4 d5 9. exd5 Qxd5 10. Ne3 Qa5 11. O-O Nf6 12. c4 O-O 13. Bd2 Qa6 14.
Nc3 c6 15. Qb3 Ng4 16. Nxg4 Bxg4 17. Be3 Bf6 18. Rab1 b6 19. h3 Be6 20. d5 Bd7 21.
Ne4 Be5 22. f4 cxd5 23. cxd5 Bc7 24. Bd4 Bf5 25. Qg3 Bg6 26. d6 Qc4 27. Rbd1 f5 28. dxc7 fxe4 29. f5 Rac8 30. fxg6 Rxf1+ 31. Rxf1 Qxd4+ 32. Kh2 hxg6 33. h4 Qc4 34. Rf4 Rxc7 35. Qxg6 Re7 36. h5 Qe6 37. Qg5 e3 38. Rf1 e2 39. Re1 Qd6+ 40.
g3 Re5 41. Qg4 Qd5 42. Rxe2 Rxh5+ 43. Kg1 Rh1+ 44. Kf2 Rh2+ 45. Ke1 Rxe2+ 46. Qxe2 Kf7 47. Kf2 a5 48. Qb2 Qc5+ 49. Kg2 b5 50. Qb3+ Qc4 51.
Qf3+ Ke6 52. Qe3+ Kd6 53. Qb6+ Qc6+ 0-1

[Event "*** Titled Tuesday Blitz"]
[Site "Chess.com"]
[Date "2019.12.03"]
[Round "6"]
[White "rezacz"]
[Black "AbasovN"]
[Result "1-0"]
[WhiteElo "2501"]
[BlackElo "2780"]
[TimeControl "180+2"]
[EndTime "14:24:19 PST"]
[Termination "rezacz won on time"]

1. c4 c5 2. Nf3 Nc6 3. d4 cxd4 4. Nxd4 Nf6 5. Nc3 e6 6. Nc2 d5 7. e3 Bd6 8. Be2 O-O 9. cxd5 exd5 10. Nxd5 Nxd5 11.
Qxd5 Be6 12. Qe4 Re8 13. O-O Bd5 14. Qg4 Re6 15. Ne1 Rg6 16. Qa4 Ne5 17. f4 Ng4 18. h3 Nf6 19. Bf3 Qe7 20. Bxd5 Nxd5 21. e4 Nb6 22. Qc2 Qh4 23. e5 Rc8 24. Qe2 Bc5+ 25. Kh1 Nd5 26. f5 Rg3 27. Nf3 Qh5 28. Qe4 Ne7 29. f6 Nf5 30. Bf4 Be3 31. Bxe3 Rxh3+ 32. Kg1 Ng3 33. Qd3 Rh1+ 34. Kf2 Nxf1 35. Rxf1 Rxf1+ 36. Kxf1 Qh1+ 37. Kf2 Qa1 38. Qd7 Qxb2+ 39.
Kg3 Ra8 40. Qg4 g6 41. Qf4 Qa3 42. e6 fxe6 43. f7+ Kf8 44. Qf6 Qxe3 45. Qh8+ Kxf7 46.
Qxa8 Qb6 47. Qb8 Kg7 48. Qe5+ Kg8 49. Ng5 Qa6 50. Nxe6 Qd3+ 51. Kh2 Qd7 52. Qf6 Qd6+ 53. Kh3 Qa3+ 54. g3 1-0

[Event "*** Titled Tuesday Blitz"]
[Site "Chess.com"]
[Date "2019.12.03"]
[Round "6"]
[White "sergeikim"]
[Black "Satscho"]
[Result "1-0"]
[WhiteElo "2498"]
[BlackElo "2335"]
[TimeControl "180+2"]
[EndTime "14:24:19 PST"]
[Termination "sergeikim won by resignation"]

1. d4 g6 2. c4 Bg7 3. Nc3 d6 4. e4 Nf6 5. Nge2 O-O 6. Ng3 c5 7. d5 e6 8. Be2 exd5 9. cxd5 a6 10. a4 Re8 11. O-O b6 12. Bf4 Qe7 13. Qd2 Nbd7 14.
Rae1 Ne5 15. Bh6 Bg4 16. f3 Bd7 17. Bxg7 Kxg7 18. h3 b5 19. f4 Nc4 20. Bxc4 bxc4 21. e5 Ng8 22. Nce4 dxe5 23. f5 f6 24. d6 Qf7 25.
Nxc5 Bc6 26. d7 Red8 27. Ne6+ Kh8 28. Nxd8 Rxd8 29. fxg6 hxg6 30. a5 Rxd7 31. Qe2 Rd3 32. Kh2 Qd5 33. Ne4 f5 34. Nc3 Rxc3 35. bxc3 e4 36.
Rd1 Qe5+ 37. Kh1 Nh6 38. Qe3 Nf7 39. Qd4 Kg7 40. Qxc4 Bb5 41. Qd4 Bxf1 42. Rxf1 Kf6 43. Rb1 Kg5 44. Qxe5 Nxe5 45. Kg1 Nc4 46. Rb6 Nxa5 47.
Rxa6 Nc4 48. Kf2 f4 49. Rc6 e3+ 50. Ke2 Nd2 51. c4 Ne4 52. Rb6 Kf5 53. Rb5+ Ke6 54. Ra5 Kd6 55. Kf3 Nd2+ 56. Kxf4 e2 57. Ra1 Nxc4 58.
Re1 Ne5 59. Rxe2 Nc4 60. Kg5 Kd5 61. Kxg6 Nd6 62. Rd2+ Ke5 63. Rxd6 Kxd6 1-0

[Event "*** Titled Tuesday Blitz"]
[Site "Chess.com"]
[Date "2019.12.03"]
[Round "6"]
[White "champ2005"]
[Black "joshdaruca"]
[Result "0-1"]
[WhiteElo "2937"]
[BlackElo "2718"]
[TimeControl "180+2"]
[EndTime "14:24:22 PST"]
[Termination "joshdaruca won by resignation"]

1. c4 c5 2. Nf3 Nc6 3. g3 g6 4. Bg2 Bg7 5. O-O e6 6. Nc3 Nge7 7. d3 d6 8. Bd2 O-O 9. Qc1 Nf5 10. Rb1 Qd7 11.
a3 b6 12. b4 Bb7 13. e3 h6 14. e4 Nfd4 15. Bxh6 Nxf3+ 16. Bxf3 f5 17. Bxg7 Kxg7 18.
Bg2 Nd4 19. f4 fxe4 20. dxe4 e5 21. fxe5 dxe5 22. bxc5 Rxf1+ 23. Qxf1 bxc5 24. Qd3 Rf8 25. Nd5 Ba6 26. h3 Qa4 27. Rc1 Qb3 28. Qxb3 Nxb3 29. Rc3 Nd4 30. Kh2 Rf2 31. g4 g5 32. Ne3 Ra2 33.
Nf5+ Kf6 34. Ng3 Rc2 35. Rxc2 Nxc2 36. a4 Bxc4 37. a5 Ne3 38. Bf3 Bd3 39. Kg1 Nc4 40. Kf2 Nxa5 41. Ke3 Bc4 42. Nf5 Bf1 43. h4 gxh4 44.
Nxh4 c4 45. Kd2 Nb3+ 46. Kc3 Nd4 47. Bd1 a5 48. Nf5 Nb5+ 49. Kd2 Bd3 50. Ne3 Kg5 51. Ba4 Nd6 52. Bc6 Bxe4 53. Bxe4 Nxe4+ 54. Kc2 Nd6 55. Kd2 Kf4 56. Ke2 a4 57. Kd2 a3 58. Nc2 a2 59.
Kc3 Kxg4 60. Kb2 Kf3 61. Kxa2 Ke2 62. Kb2 Kd2 63. Nb4 c3+ 64. Kb3 e4 65. Nc2 Nf5 66. Nb4 e3 0-1